 Dungeon Crawl Stone Soup version 0.30-a0-4-ga7cffc901d (webtiles) character file.

Game seed: 12027176012673167271

135 wingedge the Magician (level 4, 0/33 HPs)
             Began as a Mummy Conjurer on Aug 21, 2022.
             Slain by Pikel
             ... wielding a +0 whip of freezing
              (4 damage)
             ... on level 4 of the Dungeon.
             The game lasted 00:07:40 (5040 turns).

wingedge the Magician (Mummy Conjurer)              Turns: 5040, Time: 00:07:41

Health: 0/33       AC:  6    Str: 10    XL:     4   Next: 96%
Magic:  4/11       EV: 11    Int: 19    God:
Gold:   162        SH:  0    Dex: 10    Spells: 10/13 levels left

rFire   x . .      SeeInvis .    a - staff of conjuration
rCold   + . .      Faith    .    (no shield)
rNeg    + + +      Spirit   .    k - +0 robe
rPois   ∞          Reflect  .    (no helmet)
rElec   .          Harm     .    (no cloak)
rCorr   .          Rampage  .    (no gloves)
Will    .....                    (no boots)
Stlth   ++........               (no amulet)
HPRegen 0.11/turn                e - +4 ring of protection
MPRegen 0.12/turn                (no ring)

@: no status effects
A: cold resistance 1, negative energy resistance 3, torment resistance 2, heat
vulnerability 1, in touch with death 1, no potions
a: no special abilities


You were on level 4 of the Dungeon.
You visited 1 branch of the dungeon, and saw 4 of its levels.

You collected 162 gold pieces.

Inventory:

Hand Weapons
 b - the +7 mace "Pethuekk" {vorpal, Int-2 Dex+5}
   (You found it on level 3 of the Dungeon)

   It inflicts extra damage upon your enemies.
   Int:       It affects your intelligence (-2).
   Dex:       It affects your dexterity (+5).
Armour
 h - a +0 ring mail
 k - a +0 robe (worn)
Magical Staves
 a - a staff of conjuration (weapon)
Jewellery
 e - a +4 ring of protection (left hand)
Scrolls
 c - 2 scrolls of enchant weapon
 d - a scroll of amnesia
 g - a scroll of blinking {unknown}
 j - a scroll of identify


   Skills:
 - Level 2.0 Fighting
 - Level 1.5 Dodging
 - Level 1.5 Stealth
 - Level 5.0 Spellcasting
 - Level 3.2 Conjurations
 + Level 1.9 Hexes


You had 10 spell levels left.
You knew the following spells:

 Your Spells              Type           Power      Damage    Failure   Level
a - Magic Dart            Conj           100%       1d8       3%          1
b - Searing Ray           Conj           50%        2d6       4%          2

Your spell library contained the following spells:

 Spells                   Type           Power      Damage    Failure   Level
 Dazzling Flash           Conj/Hex       42%        N/A       13%         3
 Fulminant Prism          Conj/Hex       10%        3d9       38%         4
 Iskenderun's Mystic Bla  Conj/Tloc      16%        2d5       54%         4


Dungeon Overview and Level Annotations

Branches:
Dungeon (4/15)
 Temple: D:4-7

Altars:

Annotations:
D:4 Pikel


Innate Abilities, Weirdness & Mutations

You are immune to poison.
Your flesh is cold resistant. (rC+)
You are immune to negative energy. (rN+++)
You are immune to unholy pain and torment.
You are vulnerable to heat. (rF-)
You are in touch with the powers of death.
You do not drink.


Message History

Casting: Searing Ray (safe; 5% risk of failure)
Confirm with . or Enter, or press ? or * to list all spells.
Okay, then.
a - a staff of conjuration (weapon)
You climb downwards.
Level annotation: Pikel The lemure hits you.
There is a stone staircase leading up here.
Casting: Searing Ray (safe; 4% risk of failure)
Confirm with . or Enter, or press ? or * to list all spells.
Aiming: Searing Ray (safe; 4% risk of failure)
Press: ? - help, Shift-Dir - straight line, f - Pikel
Aim: Pikel, wielding a +0 whip of freezing and wearing a +0 robe (74% to hit)
You feel a surge of power!
The searing ray hits Pikel!
Pikel is moderately wounded. (Press . to maintain the ray.) Pikel hits you but does no damage.
The lemure hits you.
The searing ray hits Pikel.
Pikel is moderately wounded.
Pikel hits you with a +0 whip of freezing.
Pikel freezes you. The lemure hits you.
The searing ray hits Pikel.
Pikel is heavily wounded.
Pikel hits you with a +0 whip of freezing.
Pikel freezes you. The lemure hits you but does no damage.
The searing ray hits Pikel.
Pikel is heavily wounded.
You finish channelling your searing ray.
Pikel hits you but does no damage. The lemure hits you!
* * * LOW HITPOINT WARNING * * *
Casting: Searing Ray (safe; 4% risk of failure)
Confirm with . or Enter, or press ? or * to list all spells.
Aiming: Searing Ray (safe; 4% risk of failure)
Press: ? - help, Shift-Dir - straight line, f/p - Pikel
Aim: Pikel, wielding a +0 whip of freezing and wearing a +0 robe (heavily wounded, 74% to hit)
You feel a surge of power!
The searing ray hits Pikel.
Pikel is heavily wounded. (Press . to maintain the ray.) Pikel hits you with a +0 whip of freezing.
You die...

..#.. .........
###.#s#######.#.#.#####
#.#.#.#............($.#
#.##...#.#.####.##.....# #
#...<.s#.#.............#....
#...................5....5..
........#......####.#.......#
.#.###########.#5.#.#.#.#####
... #......##.#.@K.....# >#
#.........####.#...# .
#.........# ..#...#
#.........## ###...#
#.##.#'#...# ....# #
#.#.#...#### ## #.#..........
#.########### #.#


You could see Pikel and a lemure.

Vanquished Creatures
  2 lemures
  A necrophage (D:3)
  3 adders
  A dart slug (D:2)
  An orc (D:3)
  5 ball pythons
  4 bats
  4 endoplasms
  2 giant cockroaches
  5 hobgoblins
  3 jackals (D:2)
  2 quokkas
  5 goblins
  5 kobolds
  3 rats
46 creatures vanquished.

Notes
Turn   | Place    | Note
-------+----------+-------------------------------------------
     0 | D:1      | wingedge the Mummy Conjurer began the quest for the Orb.
     0 | D:1      | Reached XP level 1. HP: 13/13 MP: 4/4
     4 | D:1      | Noticed a death yak
    62 | D:1      | Reached skill level 1 in Fighting
   147 | D:1      | Reached skill level 3 in Spellcasting
   191 | D:1      | Found a faded altar of an unknown god.
   339 | D:1      | Reached XP level 2. HP: 21/21 MP: 3/6
   419 | D:1      | Learned a level 2 spell: Searing Ray
   624 | D:1      | Noticed a black mamba
  1385 | D:2      | Reached skill level 4 in Spellcasting
  1488 | D:2      | Gained mutation: You are in touch with the powers of death.
                  | [Mummy growth]
  1488 | D:2      | Reached XP level 3. HP: 27/27 MP: 4/8
  1852 | D:2      | You fall into a shaft and drop 2 floors!
  1874 | D:4      | Noticed a scorpion
  2070 | D:3      | Noticed a necrophage
  2089 | D:4      | Noticed a lemure
  3577 | D:3      | Identified the +7 mace "Pethuekk" {vorpal, Int-2 Dex+5}
  4471 | D:3      | Reached XP level 4. HP: 33/33 MP: 7/10
  4691 | D:3      | Identified a scroll of acquirement
  4692 | D:3      | Acquired a staff of conjuration
  4699 | D:3      | Killed a necrophage
  4700 | D:3      | Reached skill level 5 in Spellcasting
  4700 | D:3      | Reached skill level 1 in Hexes
  4834 | D:4      | Noticed a lemure
  4838 | D:4      | Killed a lemure
  4839 | D:4      | Noticed a lemure
  4848 | D:4      | Noticed Pikel
  4851 | D:3      | Killed a lemure
  5040 | D:4      | Slain by Pikel

Illustrated notes

Levels and vault maps discovered:
D:1:      sevenhm_arrival_forest_fort_small_2, layout_basic,
          hellmonk_ecumenical_altar_pennies_from_heaven
D:2:      kennysheep_big_flooded_room, layout_basic
D:3:      layout_loops_cross, elyvilon_altar_1, kennysheep_generic_room_11
D:4:      layout_basic, minmay_temple_entry_glassed_door, uniq_blork_the_orc,
          uniq_pikel, uniq_crazy_yiuf_cottage

Skill      XL: |  1  2  3  4 |
---------------+-------------+-----
Fighting       | 1 2 |  2.0
Spellcasting   | 3 4 5 |  5.0
Hexes          | 1 |  1.9
Dodging        | |  1.5
Stealth        | |  1.5
Conjurations   | |  3.2

Action                   |  1- 3 |  4- 6 || total
-------------------------+-------+-------++-------
Melee: Dagger            |    10 |       ||    10
       Unarmed           |     8 |       ||     8
       Mace              |     1 |     1 ||     2
 Cast: Magic Dart        |    65 |     7 ||    72
       Searing Ray       |    11 |     6 ||    17
  Use: Scroll            |     2 |     2 ||     4
 Stab: Sleeping          |     1 |       ||     1
Armor: Robe              |     8 |     4 ||    12
Dodge: Dodged            |    27 |     3 ||    30

Table legend: (Time is in decaauts)
 A = Elapsed time spent in this place.
 B = Non-inter-level travel time spent in this place.
 C = Inter-level travel time spent in this place.
 D = Time resting spent in this place.
 E = Time spent auto-exploring this place.
 F = Levels seen in this place.
 G = Mean time per level.
                   A        B        C        D        E       F      G
               +--------+--------+--------+--------+--------+-----+--------+
         Total |   5045 |   4976 |     69 |   2686 |   1843 |   4 | 1261.2 |
       Dungeon |   5045 |   4976 |     69 |   2686 |   1843 |   4 | 1261.2 |
               +--------+--------+--------+--------+--------+-----+--------+

Top non-repeatable levels by time:
     D:2: 2252 daAuts
     D:3: 1699 daAuts
     D:1: 1008 daAuts
     D:4: 84 daAuts
